 Dungeon Crawl Stone Soup version 0.29.0-15-g675c0067aa (webtiles) character file.

Game seed: 13596589872557841254

2039 Doot the Magician (level 9, 0/55 HPs)
             Began as an Octopode Hedge Wizard on Sept 11, 2022.
             Was an Initiate of Sif Muna.
             Slain by an iguana (6 damage)
             ... on level 6 of the Dungeon.
             The game lasted 00:12:46 (7307 turns).

Doot the Magician (Octopode Hedge Wizard)           Turns: 7307, Time: 00:12:47

Health: 0/55       AC:  1    Str:  9    XL:     9   Next: 24%
Magic:  1/20       EV: 14    Int: 27    God:    Sif Muna [......]
Gold:   173        SH:  5    Dex: 17    Spells: 12/23 levels left

rFire   . . .      SeeInvis .   F - +2 short sword (venom)
rCold   . . .      Faith    .   (no shield)
rNeg    . . .      Spirit   .   b - +0 hat
rPois   .          Reflect  +   j - amulet of reflection
rElec   .          Harm     .   D - +6 ring of intelligence
rCorr   .          Rampage  .   i - +6 ring of dexterity
Will    .....                   (no ring)
Stlth   ++++......              (no ring)
HPRegen 0.18/turn               (no ring)
MPRegen 0.17/turn               (no ring)
                                (no ring)
                                (no ring)

@: on blink cooldown
A: almost no armour, amphibious, 8 rings, camouflage 1, gelatinous body 1,
(nimble swimmer 1), tentacles
a: Renounce Religion


You were on level 6 of the Dungeon.
You worshipped Sif Muna.
Sif Muna was noncommittal.
You visited 2 branches of the dungeon, and saw 7 of its levels.

You collected 355 gold pieces.
You spent 182 gold pieces at shops.

Inventory:

Hand Weapons
 a - a +0 dagger
 r - the +8 hand axe of a Labyrinth {vamp, Fly rC++}
   (You found it on level 2 of the Dungeon)

   It occasionally heals its wielder for a portion of the damage dealt when it
   wounds a living foe.
   rC:        It greatly protects you from cold.
   Fly:       It grants you flight.
 F - a +2 short sword of venom (weapon)
Armour
 b - a +0 hat (worn)
Jewellery
 i - a +6 ring of dexterity (right tentacle)
 j - an amulet of reflection (around mantle)
 D - a +6 ring of intelligence (left tentacle)
Wands
 u - a wand of flame (3)
 y - a wand of paralysis (8)
 C - a wand of mindburst (17)
 E - a wand of digging (5)
Scrolls
 d - a scroll of magic mapping {unknown}
 e - 4 scrolls of identify {unknown}
 f - 3 scrolls of fear {unknown}
 g - 4 scrolls of teleportation {unknown}
 k - a scroll of acquirement {unknown}
 m - a scroll of enchant armour {unknown}
 q - a scroll of poison {unknown}
 s - a scroll of blinking {unknown}
 t - 2 scrolls of amnesia {unknown}
 B - a scroll of summoning {unknown}
 G - a scroll of immolation {unknown}
 H - a scroll of silence {unknown}
Potions
 c - 2 potions of magic
 h - 4 potions of curing
 l - a potion of attraction {unknown}
 n - a potion of ambrosia {unknown}
 o - 2 potions of haste {unknown}
 p - 4 potions of might
 v - a potion of degeneration {unknown}
 w - a potion of brilliance
 x - 4 potions of heal wounds
 z - 2 potions of mutation {unknown}
 A - a potion of berserk rage {unknown}


   Skills:
 + Level 2.4 Fighting
 + Level 0.2 Short Blades
 + Level 4.2 Axes
 + Level 3.5 Dodging
 + Level 4.7 Stealth
 + Level 0.1 Shields
 * Level 7.7 Spellcasting
 + Level 4.1 Conjurations
 + Level 2.9 Summonings
 + Level 1.5 Translocations
 + Level 1.0 Fire Magic
 + Level 0.4 Air Magic
 + Level 1.1 Poison Magic
 + Level 0.7 Evocations


You had 12 spell levels left.
You knew the following spells:

 Your Spells              Type           Power      Damage    Failure   Level
a - Magic Dart            Conj           100%       1d8       1%          1
b - Blink                 Tloc           36%        N/A       4%          2
c - Call Imp              Summ           26%        N/A       2%          2
d - Conjure Flame         Conj/Fire      24%        6-21      5%          3
e - Mephitic Cloud        Conj/Pois/Air  20%        N/A       8%          3

Your spell library contained the following spells:

 Spells                   Type           Power      Damage    Failure   Level
 Summon Small Mammal      Summ           100%       N/A       1%          1
 Apportation              Tloc           36%        N/A       3%          1
 Call Canine Familiar     Summ           26%        N/A       4%          3
 Slow                     Hex            40%        N/A       5%          1
 Summon Guardian Golem    Hex/Summ       18%        N/A       9%          3
 Alistair's Intoxication  Tmut/Pois      8%         N/A       75%         5


Dungeon Overview and Level Annotations

Branches:
Dungeon (6/15)             Temple (1/1) D:6

Altars:
Cheibriados
Dithmenos
Elyvilon
Gozag
Hepliaklqana
Kikubaaqudgha
Makhleb
Nemelex Xobeh
Okawaru
Qazlal
Ru
Sif Muna
Trog
Vehumet
Wu Jian
Xom
Yredelemnul
Zin
The Shining One

Shops:
D:4 !   D:5 [


Innate Abilities, Weirdness & Mutations

You cannot wear most types of armour.
You are amphibious.
You can wear up to eight rings at the same time.
Your skin changes colour to match your surroundings (Stealth+).
Your rubbery body absorbs attacks. (AC +1, EV +1)
((You are camouflaged when in or above water. (Stealth+)))
You have tentacles for arms and can constrict up to eight enemies at once.


Message History

Casting: Magic Dart (safe; 1% risk of failure)
Confirm with . or Enter, or press ? or * to list all spells.
You blink.
The hound is engulfed in blazing flames. x2
You kill the hound!
Sif Muna accepts your kill.
Unknown command.
The yak is engulfed in blazing flames.
You feel stable enough to blink again.
The yak is engulfed in blazing flames.
Casting: Blink (safe; 4% risk of failure)
Confirm with . or Enter, or press ? or * to list all spells.
Aiming: Mephitic Cloud (dangerous; 8% risk of failure)
Press: ? - help, Shift-Dir - straight line, f - yak
Aim: a yak (severely wounded, chance to affect: 67%)
The ball explodes into a vile cloud!
The stinking cloud engulfs the yak but does no damage.
The yak is severely wounded.
The yak is engulfed in noxious fumes.
The yak appears confused.
The yak gores itself!
Unknown command.
The yak is engulfed in noxious fumes.
The yak appears confused.
Casting: Mephitic Cloud (dangerous; 8% risk of failure)
Confirm with . or Enter, or press ? or * to list all spells.
Aiming: Magic Dart (safe; 1% risk of failure)
Press: ? - help, Shift-Dir - straight line, f/p - yak
Aim: a yak (noxious fumes, almost dead, confused, 100% to hit)
The magic dart hits the yak.
You kill the yak!
Sif Muna accepts your kill.
The yak bellows!
Found 17 gold pieces.
The iguana bites you!
* * * LOW HITPOINT WARNING * * *
The iguana hisses menacingly.
You see here 15 gold pieces.
Casting: Magic Dart (safe; 1% risk of failure)
Confirm with . or Enter, or press ? or * to list all spells.
You blink.
The iguana bites you.
You die...

##.......##### #########
##..#####.....# #........
#..#.###.#..#.###.#######
....#.#.#.#.#....##.#
####.##.#!#)##..#.##†# #
##)#[###.##.##.#
##.#§#.##.##.##Y#
#.#.#l#.#.##.##.#
#..#)###@#..##†##.#
##..## ##...##†##.# ...
.l.####Y##.# .... .....#
#.##.. ...........#
#.##.#. ............#
#.##########
#............#
#...Y....... ...$...#
##.......... ###########


You could see an iguana.

Vanquished Creatures
  4 yaks (D:6)
  An ice beast (D:5)
  3 black bears
  2 ogres
  A phantom (D:4)
  A scorpion (D:5)
  3 jellies
  2 orc priests (D:4)
  5 hounds
  A gnoll bouda (D:4)
  2 iguanas (D:6)
  2 orc wizards (D:4)
  7 gnolls
  5 adders
  An ufetubus (D:5)
  3 worms
  2 dart slugs
  14 orcs
  6 ball pythons
  3 endoplasms
  6 giant cockroaches
  8 goblins
  5 hobgoblins
  3 jackals (D:3)
  2 quokkas (D:1)
  3 bats (D:1)
  3 frilled lizards
  8 kobolds
  A rat (D:3)
  A spectral goblin (D:4)
108 creatures vanquished.

Vanquished Creatures (collateral kills)
  An ogre (D:4)
  A scorpion (D:5)
  An iguana (D:6)
  A dart slug (D:5)
4 creatures vanquished.

Grand Total: 112 creatures vanquished

Notes
Turn   | Place    | Note
-------+----------+-------------------------------------------
     0 | D:1      | Doot the Octopode Hedge Wizard began the quest for the Orb.
     0 | D:1      | Reached XP level 1. HP: 11/11 MP: 4/4
   392 | D:1      | Reached XP level 2. HP: 13/17 MP: 0/6
  1499 | D:2      | Reached XP level 3. HP: 12/21 MP: 4/8
  1501 | D:2      | You fall into a shaft and drop 1 floor!
  1629 | D:3      | Learned a level 2 spell: Blink
  1632 | D:3      | Learned a level 2 spell: Call Imp
  1636 | D:3      | Learned a level 3 spell: Conjure Flame
  2071 | D:2      | Found a faded altar of an unknown god.
  2249 | D:2      | Reached skill level 4 in Spellcasting
  2383 | D:2      | Reached XP level 4. HP: 27/27 MP: 6/10
  2387 | D:2      | Learned a level 3 spell: Mephitic Cloud
  2755 | D:2      | Identified the +8 hand axe of a Labyrinth {vamp, Fly rC++}
  3266 | D:3      | Found a large runed translucent door.
  3266 | D:3      | Found a large runed translucent door.
  3321 | D:3      | Found a stormy altar of Qazlal.
  3335 | D:3      | Found a sacrificial altar of Ru.
  3467 | D:4      | Found an iron altar of Okawaru.
  3493 | D:4      | Noticed an ogre
  3538 | D:4      | Killed an ogre
  3539 | D:4      | Reached skill level 1 in Axes
  3539 | D:4      | Reached XP level 5. HP: 31/31 MP: 4/11
  3872 | D:4      | Found Poppicoe's Distillery.
  3879 | D:4      | Reached XP level 6. HP: 37/37 MP: 13/13
  3881 | D:4      | Bought a potion of might for 56 gold pieces
  3881 | D:4      | Bought a potion of brilliance for 56 gold pieces
  3881 | D:4      | Bought a potion of heal wounds for 70 gold pieces
  4022 | D:4      | Reached skill level 5 in Spellcasting
  4230 | D:4      | Reached XP level 7. HP: 13/42 MP: 1/14
  4466 | D:4      | Reached skill level 1 in Fighting
  5016 | D:4      | Found a hazy altar of Hepliaklqana.
  5151 | D:5      | Entered Level 5 of the Dungeon
  5495 | D:5      | Reached XP level 8. HP: 39/48 MP: 4/16
  5926 | D:5      | Reached skill level 6 in Spellcasting
  5948 | D:5      | Found a shadowy altar of Dithmenos.
  6011 | D:5      | Found Tenuakeul's Antique Armour Shop.
  6162 | D:5      | Found an ornate altar of the Wu Jian Council.
  6471 | D:6      | Found a staircase to the Ecumenical Temple.
  6480 | Temple   | Entered the Ecumenical Temple
  6497 | Temple   | Became a worshipper of Sif Muna the Loreminder
  6993 | D:6      | Noticed a yak
  7009 | D:6      | Noticed a yak
  7016 | D:6      | Noticed a yak
  7018 | D:6      | Killed a yak
  7043 | D:6      | Noticed a yak
  7043 | D:6      | Killed a yak
  7044 | D:6      | Reached skill level 7 in Spellcasting
  7069 | D:6      | Killed a yak
  7070 | D:6      | Reached skill level 1 in Poison Magic
  7070 | D:6      | Reached XP level 9. HP: 55/55 MP: 8/20
  7285 | D:6      | Reached skill level 1 in Fire Magic
  7307 | D:6      | Slain by an iguana

Illustrated notes

Levels and vault maps discovered:
D:1:      matt_arrival_refuge, layout_loops_ring, minivault_4,
          grunt_decor_one_mirror, kennysheep_flooded_box, chequers_garden,
          chequers_serial_rivers_micro_d, st_stairs_14, dk_noncrumbling_2,
          corexii_hall_statues_i, dreamdust_princess_corridor,
          chequers_decorated_corner
D:2:      layout_loops_ring, dreamdust_ecumenical_altar_angels_and_demons
D:3:      layout_loops_cross, jmf_multi_god_temple2
D:4:      layout_loops_cross, nicolae_hepliaklqana_monster_ancestors,
          okawaru_metal_pillars_1_2, serial_shops, kennysheep_little_box,
          serial_co_window_serial, co_window_cross_1, co_window_paths_a,
          co_window_of_opportunity_a, co_window_corner_a, co_window_paths_a,
          co_window_unsneaky_path_d, co_window_2corner, co_window_broadway_b,
          co_window_4corner_b, glass_columns_b
D:5:      layout_cave_pools, general_overflow_altar,
          nicolae_wu_jian_immortal_techniques, serial_shops,
          nicolae_shop_crystal
D:6:      layout_basic, temple_statues, serial_shops, nicolae_stop_n_shop_2,
          minmay_circle_x
Temple:   nicolae_temple_ecumenical_triangle

Skill      XL: |  1  2  3  4  5  6  7  8  9 |
---------------+----------------------------+-----
Stealth        | 3 4 |  4.7
Spellcasting   | 4 5 7 |  7.7
Axes           | 1 2 3 4 |  4.2
Conjurations   | 2 3 4 |  4.1
Fighting       | 1 2 |  2.4
Summonings     | 2 |  2.9
Dodging        | 3 |  3.5
Poison Magic   | 1 |  1.1
Fire Magic     | 1 |  1.0
Short Blades   | |  0.2
Shields        | |  0.1
Translocations | |  1.5
Air Magic      | |  0.4
Evocations     | |  0.7

Action                   |  1- 3 |  4- 6 |  7- 9 || total
-------------------------+-------+-------+-------++-------
Melee: Dagger            |    32 |       |       ||    32
       Tentacles         |     9 |     8 |    13 ||    30
       Constrict         |     9 |     9 |    19 ||    37
       Hand axe          |       |    46 |    66 ||   112
       Punch             |       |     1 |     1 ||     2
       Short sword       |       |       |     2 ||     2
 Cast: Magic Dart        |    62 |    50 |    78 ||   190
       Call Imp          |     1 |    14 |     3 ||    18
       Mephitic Cloud    |       |       |     6 ||     6
       Conjure Flame     |       |       |     9 ||     9
       Blink             |       |       |     6 ||     6
Evoke: Wand              |       |     3 |     5 ||     8
 Stab: Sleeping          |     3 |     3 |     3 ||     9
       Distracted        |     1 |       |     1 ||     2
Armor: Skin              |     7 |     3 |     3 ||    13
Dodge: Dodged            |    16 |    36 |    56 ||   108
Block: Other             |       |       |     6 ||     6
